 Dungeon Crawl Stone Soup version 0.26-a0-1147-g3780a7a11b (webtiles) character file.

Game seed: 3421529260107926956

1374 sokol815 the Covert (level 8, -1/50 HPs)
             Began as an Octopode Wanderer on Dec 23, 2020.
             Was a Follower of Dithmenos.
             Slain by Maggie
             ... wielding a +3 long sword of flaming
              (12 damage)
             ... on level 6 of the Dungeon.
             The game lasted 00:15:33 (6616 turns).

sokol815 the Covert (Octopode Wanderer)             Turns: 6616, Time: 00:15:34

Health: -1/50      AC:  3    Str:  8    XL:     8   Next: 66%
Magic:  17/17      EV: 10    Int: 16    God:    Dithmenos [*.....]
Gold:   494        SH:  0    Dex: 17    Spells: 7/7 levels left

rFire    . . .     SeeInvis .   a - +0 falchion (holy)
rCold    . . .     Faith    .   v - +0 tower shield
rNeg     . . .     Spirit   .   (helmet restricted)
rPois    .         Reflect  .   (no amulet)
rElec    +         Harm     .   l - ring of magical power {MP+9}
rCorr    .         Rampage  .   u - ring of flight {+Fly, !d}
Will     .....                  (no ring)
Stlth    +++.......             (no ring)
HPRegen  0.16/turn              (no ring)
MPRegen  0.15/turn              (no ring)
                                (no ring)
                                (no ring)

@: confused, mesmerised, hasted, wreathed by umbra, very quick
A: almost no armour, stealthy swim, amphibious, 8 rings, constrict 8, thin
metallic scales 1, camouflage 1, agile 1, deterioration 1, electricity
resistance, gelatinous body 1
a: Renounce Religion, Evoke Flight


You were on level 6 of the Dungeon.
You worshipped Dithmenos.
Dithmenos was aware of your devotion.
You visited 1 branch of the dungeon, and saw 6 of its levels.

You collected 494 gold pieces.

Inventory:

Hand Weapons
 a - a +0 falchion of holy wrath (weapon)
   (You took it off an orc on level 4 of the Dungeon)
 b - a +2 dagger of venom
   (You took it off an orc priest on level 3 of the Dungeon)
 w - a +0 dagger
 D - a +1 flail of protection
   (You took it off Edmund on level 5 of the Dungeon)
Missiles
 d - 5 boomerangs
 e - 218 stones (quivered)
 n - 35 bolts
 C - 11 poisoned darts
Armour
 g - a +0 buckler
   (You found it on level 1 of the Dungeon)
 v - a +0 tower shield (worn)
   (You took it off an orc on level 3 of the Dungeon)
Jewellery
 l - a ring of magical power (left tentacle) {MP+9}
   (You found it on level 1 of the Dungeon)
 u - a ring of flight (right tentacle) {+Fly, !d}
   (You found it on level 3 of the Dungeon)
Wands
 s - a wand of flame (14)
   (You found it on level 5 of the Dungeon)
 x - a wand of disintegration (4)
   (You found it on level 6 of the Dungeon)
Scrolls
 c - 3 scrolls of fear
 f - a scroll of identify
 h - a scroll of noise {unknown}
 k - 2 scrolls of fog {unknown}
 m - 3 scrolls of teleportation
 o - 3 scrolls of amnesia {unknown}
 q - 6 scrolls of remove curse
 r - a scroll of enchant weapon {unknown}
 y - 2 scrolls of magic mapping {unknown}
Potions
 i - 5 potions of lignification {!q}
 j - 3 potions of magic
 p - a potion of haste
 z - a potion of brilliance {unknown}
 B - a potion of attraction {unknown}


   Skills:
 - Level 2.1 Fighting
 - Level 3.4(5.1) Short Blades
 * Level 5.9(6.4) Long Blades
 - Level 2.1 Dodging
 + Level 9.0 Stealth
 + Level 5.1 Shields
 - Level 1.2 Unarmed Combat


You had 7 spell levels left.
You didn't know any spells.
Your spell library was empty.

Dungeon Overview and Level Annotations

Branches:
Dungeon (6/15)             Temple (0/1) D:5

Altars:
Ashenzari
Dithmenos
Elyvilon
Qazlal
Ru
Vehumet
Xom
Zin

Shops:
D:6 (}=

Annotations:
D:2 exclusions: jelly and ogre
D:4 Eustachio
D:6 1 runed translucent door, Hector's ghost, amateur GrTm; Maggie


Innate Abilities, Weirdness & Mutations

You cannot wear most types of armour.
You are very stealthy in the water. (Stealth+)
You are amphibious.
You can wear up to eight rings at the same time.
You can use your tentacles to constrict eight enemies at once.
Your skin changes colour to match your surroundings (Stealth+).
Your rubbery body absorbs attacks. (AC +1, EV +1)
You are partially covered in thin metallic scales. (AC +2)
You are agile. (Dex +2)
Your body sometimes deteriorates upon taking damage.
You are resistant to electric shocks. (rElec)


Message History

You are mesmerised by Maggie!
You hit the adder.
The adder is poisoned.
Your grab misses the adder.
An adder comes into view.
The adder completely misses you.
Maggie casts a spell.
Maggie draws you further into her thrall.
You block the adder's attack.
Your +2 dagger of venom stops dripping with poison.
Your +0 falchion of holy wrath softly glows with a divine radiance!
a - a +0 falchion of holy wrath (weapon)
You kill the adder!
Dithmenos accepts your kill.
Aim: Maggie, wielding a +3 long sword of flaming and wearing +0 swamp dragon scales (mesmerising, chance to affect: 65%) Maggie is blasted!
Maggie gestures wildly while chanting.
Maggie draws you further into her thrall.
Aim: Maggie, wielding a +3 long sword of flaming and wearing +0 swamp dragon scales (moderately wounded, mesmerising, chance to affect: 65%)
Okay, then.
A howler monkey comes into view.
You barely miss the adder. Your grab misses the adder.
You block the adder's attack.
A quokka comes into view.
You block the adder's attack.
You closely miss the adder. Your grab misses the adder. You squeeze the adder!
Maggie mumbles some strange words.
Maggie draws you further into her thrall.
The adder misses you.
The quokka twitches its whiskers.
You closely miss the adder. Your grab misses the adder. The adder bites you.
You are poisoned.
The adder poisons you! You block the adder's attack.
You take 3 damage, and have 47/50 hp.
You miss the adder. Your grab misses the adder.
You feel sick. You block the adder's attack. The adder barely misses you.
You riposte.
You hit the adder. Your grab misses the adder.
You take 1 damage, and have 46/50 hp.
You hit the adder.
You kill the adder!
Dithmenos accepts your kill.
It was a potion of haste.
You feel yourself speed up.
The howler monkey hoots and howls with incredible vigour!
You block the howler monkey's attack.
You closely miss the howler monkey. You grab the howler monkey.
You constrict the howler monkey.
You feel sick. You block the howler monkey's attack.
You take 1 damage, and have 45/50 hp.
You hit the howler monkey but do no damage.
You squeeze the howler monkey.
You constrict the howler monkey, but do no damage.
You hit the howler monkey. You constrict the howler monkey.
The howler monkey barely misses you.
You riposte.
You hit the howler monkey. You squeeze the howler monkey.
You kill the howler monkey!
Dithmenos accepts your kill.
You barely miss the quokka. Your grab misses the quokka.
The quokka closely misses you.
Maggie says, "Fear not.
I will immortalize you in the tale of my first kill."
Maggie mumbles some strange words.
Maggie draws you further into her thrall.
You miss the quokka. Your grab misses the quokka.
You block the quokka's attack. Maggie casts a spell at you.
The bolt of fire hits the quokka!!
The quokka dies!
The bolt of fire hits you!
You take 11 damage, and have 35/50 hp.
MASSIVE DAMAGE!!
Aim: Maggie, wielding a +3 long sword of flaming and wearing +0 swamp dragon scales (moderately wounded, mesmerising, umbra, chance to affect: 65%) Maggie is blasted!
You feel sick.
Maggie says, "If you die in the Dungeon, but nobody's around to see it, does it really matter?"
You take 1 damage, and have 34/50 hp.
You barely miss Maggie. Your grab misses Maggie.
You hit Maggie but do no damage. Your grab misses Maggie.
You squeeze Maggie, but do no damage.
Maggie hits you with a +3 long sword of flaming!
Maggie burns you.
You take 15 damage, and have 19/50 hp.
MASSIVE DAMAGE!!
Aim: Maggie, wielding a +3 long sword of flaming and wearing +0 swamp dragon scales (heavily wounded, mesmerising, umbra, chance to affect: 65%) Maggie struggles to resist.
Aim: Maggie, wielding a +3 long sword of flaming and wearing +0 swamp dragon scales (heavily wounded, mesmerising, umbra, chance to affect: 65%) Maggie struggles to resist.
Maggie gestures wildly while chanting.
Maggie draws you further into her thrall.
Aim: Maggie, wielding a +3 long sword of flaming and wearing +0 swamp dragon scales (heavily wounded, mesmerising, umbra, chance to affect: 65%) Maggie struggles to resist.
Aim: Maggie, wielding a +3 long sword of flaming and wearing +0 swamp dragon scales (heavily wounded, mesmerising, umbra, chance to affect: 65%) Maggie is blasted.
You feel sick.
You are no longer poisoned.
Maggie hits you with a +3 long sword of flaming!
* * * LOW HITPOINT WARNING * * *
Maggie burns you.
* * * LOW HITPOINT WARNING * * *
You take 12 damage, and have 7/50 hp.
MASSIVE DAMAGE!!
It was a potion of ambrosia.
You are confused.
You feel invigorated.
Maggie hits you with a +3 long sword of flaming!
You die...

# ############## ...
#............#
.....###............#
......@@......>.....#
.....###............#
... #............# .
#............#
#............#
#............#
#............#
#...).....∩..#
#######.######


You could see Maggie (mesmerising).

Vanquished Creatures
  Edmund (D:5)
  Menkaure (D:4)
  2 phantoms (D:5)
  2 ogres (D:5)
  2 centaurs (D:5)
  A killer bee (D:5)
  A howler monkey (D:6)
  4 hounds
  A quasit (D:6)
  An orc priest (D:3)
  2 orc wizards
  A bullfrog skeleton (D:5)
  An iguana (D:6)
  3 worker ants
  A howler monkey skeleton (D:4)
  10 adders
  A white imp (D:6)
  3 ufetubi
  A worm (D:3)
  4 dart slugs
  5 leopard geckos
  9 orcs
  2 ball pythons
  5 bats
  5 giant cockroaches
  7 goblins
  8 hobgoblins
  2 jackals (D:5)
  2 quokkas (D:2)
  A ball python skeleton (D:4)
  5 frilled lizards
  A giant cockroach zombie (D:5)
  A jackal skeleton (D:5)
  A jackal zombie (D:5)
  3 kobolds
  A leopard gecko skeleton (D:5)
  8 rats
109 creatures vanquished.

Vanquished Creatures (others)
  A giant cockroach (D:6)
  A quokka (D:6)
2 creatures vanquished.

Grand Total: 111 creatures vanquished

Notes
Turn   | Place    | Note
-------+----------+-------------------------------------------
     0 | D:1      | sokol815 the Octopode Wanderer began the quest for the Orb.
     0 | D:1      | sokol815 set off with the following items: a +0 dagger, 2
                  | potions of lignification {!q}, 2 scrolls of fear
     0 | D:1      | Reached XP level 1. HP: 14/14 MP: 1/1
    43 | D:1      | Reached XP level 2. HP: 13/19 MP: 2/2
   975 | D:2      | Reached skill level 1 in Short Blades
   975 | D:2      | Reached XP level 3. HP: 24/24 MP: 3/3
  1076 | D:2      | Found a sacrificial altar of Ru.
  1216 | D:2      | Found a faded altar of an unknown god.
  1529 | D:2      | Reached XP level 4. HP: 28/29 MP: 4/4
  1728 | D:2      | Noticed an ogre
  1854 | D:2      | Reached skill level 2 in Short Blades
  1908 | D:2      | Reached skill level 6 in Stealth
  1908 | D:2      | Reached skill level 2 in Shields
  1922 | D:2      | Found a glowing silver altar of Zin.
  1922 | D:2      | Noticed an angel
  2530 | D:3      | Reached XP level 5. HP: 34/34 MP: 5/5
  2698 | D:3      | Reached skill level 3 in Short Blades
  3051 | D:3      | Found a shadowy altar of Dithmenos.
  3266 | D:3      | Became a worshipper of Dithmenos the Shadowed
  3367 | D:3      | Gained mutation: Your body sometimes deteriorates upon
                  | taking damage. [potion of mutation]
  3367 | D:3      | Gained mutation: You are partially covered in thin metallic
                  | scales. (AC +2) [potion of mutation]
  3367 | D:3      | Gained mutation: You are agile. (Dex +2) [potion of
                  | mutation]
  3367 | D:3      | Gained mutation: You are resistant to electric shocks.
                  | (rElec) [potion of mutation]
  3823 | D:4      | Reached XP level 6. HP: 17/39 MP: 6/6
  4032 | D:4      | Reached skill level 1 in Long Blades
  4112 | D:4      | Reached skill level 3 in Shields
  4307 | D:4      | Noticed Menkaure
  4314 | D:4      | Killed Menkaure
  4315 | D:4      | Reached skill level 2 in Long Blades
  4315 | D:4      | Reached skill level 7 in Stealth
  4410 | D:5      | Entered Level 5 of the Dungeon
  4475 | D:5      | Found a staircase to the Ecumenical Temple.
  4532 | D:5      | Noticed Eustachio
  4559 | D:5      | HP: 2/39 [shadow imp/nerve-wracking pain[Eustachio] (8)]
  4788 | D:5      | Reached * piety under Dithmenos
  4859 | D:5      | Noticed Edmund
  4881 | D:5      | Killed Edmund
  4882 | D:5      | Reached skill level 3 in Long Blades
  4882 | D:5      | Reached XP level 7. HP: 26/45 MP: 7/7
  5041 | D:5      | Reached skill level 4 in Shields
  5103 | D:5      | Found a broken altar of Ashenzari.
  5103 | D:5      | Found a faded altar of an unknown god.
  5109 | D:5      | Found a shimmering altar of Xom.
  5111 | D:5      | Found a faded altar of an unknown god.
  5113 | D:5      | Found a white marble altar of Elyvilon.
  5118 | D:5      | Reached skill level 4 in Long Blades
  5118 | D:5      | Reached skill level 8 in Stealth
  5148 | D:5      | Reached XP level 8. HP: 29/50 MP: 8/8
  5700 | D:5      | Reached skill level 5 in Long Blades
  6011 | D:6      | Found Buditela's Weapon Emporium.
  6081 | D:6      | Found Puofewai's Gadget Emporium.
  6230 | D:6      | Found a runed translucent door.
  6233 | D:6      | Noticed Hector's ghost (amateur GrTm)
  6394 | D:6      | Found a radiant altar of Vehumet.
  6530 | D:6      | Reached skill level 9 in Stealth
  6530 | D:6      | Reached skill level 5 in Shields
  6554 | D:6      | Found a stormy altar of Qazlal.
  6563 | D:6      | Found Rupi's Jewellery Emporium.
  6592 | D:6      | Noticed Maggie
  6615 | D:6      | HP: 10/50 [Maggie/+3 long sword of flaming (8)]
  6616 | D:6      | Slain by Maggie

Illustrated notes

Levels and vault maps discovered:
D:1:      dpeg_arrival_pond, layout_rooms
D:2:      layout_loops_corners, lemuel_doored_altar, zin_angel,
          chequers_ecumenical_altar_simple_redux, minmay_parallelograms,
          eino_tiny_chamber
D:3:      layout_rooms, old_standard_altar, chequers_serial_rivers_large_b
D:4:      layout_rooms, minivault_23, minivault_26, uniq_menkaure
D:5:      minmay_diamond_boxcup, layout_basic,
          chequers_temple_overflow_minitemple, minmay_temple_entry_sparse_star,
          uniq_edmund, uniq_eustachio
D:6:      layout_basic, nicolae_qazlal_general_emergency, fiery_altar_vehumet,
          hellmonk_ghost_happy_afterlife, serial_shops, shop, shop, shop,
          uniq_maggie

Skill      XL: |  1  2  3  4  5  6  7  8 |
---------------+-------------------------+-----
Short Blades   | 1 2 3 |  3.4
Stealth        | 6 7 8 9 |  9.0
Shields        | 2 3 4 5 |  5.1
Long Blades    | 3 4 5 |  5.9
Fighting       | |  2.1
Dodging        | |  2.1
Unarmed Combat | |  1.2

Action                   |  1- 3 |  4- 6 |  7- 9 || total
-------------------------+-------+-------+-------++-------
Melee: Dagger            |    76 |    84 |    15 ||   175
       Constrict         |    20 |    34 |    11 ||    65
       Tentacles         |    10 |    40 |    14 ||    64
       Punch             |     2 |     2 |     4 ||     8
       Falchion          |       |    57 |    60 ||   117
Throw: Stone             |    35 |    67 |     8 ||   110
Evoke: Wand              |       |       |     8 ||     8
  Use: Scroll            |       |     6 |     1 ||     7
       Potion            |       |     3 |     2 ||     5
 Stab: Sleeping          |     7 |    12 |     9 ||    28
Armor: Skin              |     7 |     8 |     5 ||    20
Dodge: Dodged            |    45 |    45 |    28 ||   118
Block: Buckler           |     7 |    12 |       ||    19
       Tower shield      |       |    38 |    50 ||    88
       Rpst.: Falchion   |       |     3 |     9 ||    12

Table legend: (Time is in decaauts)
 A = Elapsed time spent in this place.
 B = Non-inter-level travel time spent in this place.
 C = Inter-level travel time spent in this place.
 D = Time resting spent in this place.
 E = Time spent auto-exploring this place.
 F = Levels seen in this place.
 G = Mean time per level.
                   A        B        C        D        E       F      G
               +--------+--------+--------+--------+--------+-----+--------+
         Total |   6640 |   6379 |    261 |   1500 |   3883 |   6 | 1106.7 |
       Dungeon |   6640 |   6379 |    261 |   1500 |   3883 |   6 | 1106.7 |
               +--------+--------+--------+--------+--------+-----+--------+

Top non-repeatable levels by time:
     D:5: 1540 daAuts
     D:3: 1246 daAuts
     D:2: 1204 daAuts
     D:1: 1135 daAuts
     D:4: 860 daAuts
     D:6: 653 daAuts

Table legend:
 A = Kills in this place as a percentage of kills in entire the game.
 B = Kills by you in this place as a percentage of kills by you in the entire game.
 C = Kills by friends in this place as a percentage of kills by friends in the entire game.
 D = Other kills in this place as a percentage of other kills in the entire game.
 E = Experience gained in this place as a percentage of experience gained in the entire game.
 F = Experience gained in this place divided by the number of levels of this place that you have seen.
                   A       B       C       D       E      F
               +-------+-------+-------+-------+-------+----------------------
         Total | 100.0 | 100.0 |   N/A |   N/A | 100.0 | 327.2
       Dungeon | 100.0 | 100.0 |   N/A |   N/A | 100.0 | 327.2
               +-------+-------+-------+-------+-------+----------------------
